 Dungeon Crawl Stone Soup version 0.30-a0-840-ga523dec638 (webtiles) character file.

Game seed: 14267957029631541606

33 xian the Trooper (level 3, 0/43 HPs)
             Began as a Demonspawn Berserker on Mar 2, 2023.
             Was a Follower of Trog.
             Slain by a gnoll
             ... wielding a +0 spear
              (3 damage)
             ... on level 2 of the Dungeon.
             The game lasted 00:02:14 (1018 turns).

xian the Trooper (Demonspawn Berserker)             Turns: 1018, Time: 00:02:14

Health: 0/43       AC:  8    Str: 19    XL:     3   Next: 12%
Magic:  3/3        EV: 11    Int:  8    God:    Trog [*.....]
Gold:   86         SH:  0    Dex: 12    Spells: 2/2 levels left

rFire   . . .      SeeInvis .    d - +1 hand axe (elec)
rCold   . . .      Faith    .    (no shield)
rNeg    . . .      Spirit   .    a - +0 ring mail
rPois   .          Reflect  .    (no helmet)
rElec   .          Harm     .    (no cloak)
rCorr   .          Rampage  .    (no gloves)
Will    .....                    i - +2 pair of boots Stlth
                                 (no amulet)
HPRegen 0.27/turn                (no ring)
MPRegen 0.08/turn                (no ring)

@: berserking (expiring), lethally poisoned (0 -> -5), very quick
A: claws 1
a: Renounce Religion, Berserk


You were on level 2 of the Dungeon.
You worshipped Trog.
Trog was aware of your devotion.
You visited 1 branch of the dungeon, and saw 2 of its levels.

You collected 86 gold pieces.

Inventory:

Hand Weapons
 d - a +1 hand axe of electrocution (weapon)
Armour
 a - a +0 ring mail (worn)
 i - a +2 pair of boots (worn)
Scrolls
 e - a scroll of blinking {unknown}
 g - a scroll of silence {unknown}
 j - a scroll of acquirement {unknown}
 k - a scroll of fog {unknown}
Potions
 b - a potion of experience {unknown}
 c - a potion of flight {unknown}
 f - a potion of heal wounds {unknown}
 h - a potion of curing {unknown}


   Skills:
 + Level 3.5 Fighting
 + Level 3.2 Axes
 + Level 2.0 Armour
 + Level 2.0 Dodging


You had 2 spell levels left.
You didn't know any spells.
Your spell library contained the following spells:

 Spells                   Type           Power      Damage    Failure   Level
 Cigotuvi's Dreadful Rot  Necr/Pois/Air  0%         N/A       75%         2
 Poisonous Vapours        Pois/Air       0%         N/A       75%         2
 Mephitic Cloud           Conj/Pois/Air  0%         N/A       92%         3


Dungeon Overview and Level Annotations

Branches:
Dungeon (2/15)

Altars:

Annotations:
D:1 2 transporters


Innate Abilities, Weirdness & Mutations

You have sharp fingernails.


Message History

You barely miss the gnoll.
You feel sick.
The gnoll hits you with a +2 flail of venom.
You are more poisoned.
You slash the gnoll!
The gnoll is heavily wounded.
You feel very sick.
The gnoll hits you with a +2 flail of venom.
The gnoll barely misses you.
You slash the gnoll!
You kill the gnoll!
Trog accepts your kill.
You feel very sick. The gnoll closely misses you.
Your Dodging skill increases to level 2!
You have reached level 3!
Your experience leads to an increase in your attributes!
Increase (S)trength, (I)ntelligence, or (D)exterity?
You feel stronger. x2
Unknown command.
You feel sick.
Things that are here:
a +2 flail of venom; a gnoll corpse You closely miss the gnoll.
You slash the gnoll!
You feel sick. The gnoll hits you with a +0 spear!
* * * LOW HITPOINT WARNING * * *
The gnoll hits you with a +0 spear.
* * * LOW HITPOINT WARNING * * *
You slash the gnoll!
The gnoll is severely wounded.
You barely miss the gnoll.
* * * LOW HITPOINT WARNING * * *
You feel sick. The gnoll hits you with a +0 spear.
* * * LOW HITPOINT WARNING * * *
The gnoll hits you but does no damage.
You hit the gnoll but do no damage.
The gnoll is severely wounded.
You barely miss the gnoll.
* * * LOW HITPOINT WARNING * * *
You feel sick. The gnoll hits you with a +0 spear.
You die...

#.# #.###.#.#.#
..# #.# #.
#.#.#.##.####
#.# #.
#.......>...#
#.# #.
###.#.##.##.#
#.# #. #.#.# )#
#.#
###.#####.#.# .#
..# ........^#.#
.# ###
..#.##.#####.#.#
.#
#.....g@/......#
.#
..#.##g#####.###
## ... ..# #.##.
#.# #. #. #.# ..
.. #.# . .. #.#
.. ..


You could see 2 gnolls.

Vanquished Creatures
  A gnoll (D:2)
  2 ball pythons (D:1)
  2 endoplasms
  A giant cockroach (D:1)
  5 goblins
  2 hobgoblins
  3 bats (D:2)
  2 frilled lizards
  2 kobolds (D:1)
  A rat (D:1)
21 creatures vanquished.

Notes
Turn   | Place    | Note
-------+----------+-------------------------------------------
     0 | D:1      | xian the Demonspawn Berserker began the quest for the Orb.
     0 | D:1      | Reached XP level 1. HP: 18/18 MP: 1/1
   243 | D:1      | Gained mutation: You have sharp fingernails. [demonic
                  | ancestry]
   243 | D:1      | Reached XP level 2. HP: 24/24 MP: 2/2
  1015 | D:2      | Reached XP level 3. HP: 22/29 MP: 3/3
  1018 | D:2      | Slain by a gnoll

Illustrated notes

Levels and vault maps discovered:
D:1:      spicycebolla_arrival_transporter_tutorial, layout_basic
D:2:      layout_loops_ring

Skill      XL: |  1  2 |
---------------+-------+-----
Armour         | 2 |  2.0
Axes           | 3 |  3.2
Dodging        | 2 |  2.0
Fighting       | |  3.5

Action                     || total
---------------------------++-------
  Melee: Hand axe          ||    64
         Punch             ||     1
 Invoke: Berserk           ||     1
 Armour: Animal skin       ||     3
         Ring mail         ||    26
  Dodge: Dodged            ||    42

Table legend: (Time is in decaauts)
 A = Elapsed time spent in this place.
 B = Non-inter-level travel time spent in this place.
 C = Inter-level travel time spent in this place.
 D = Time resting spent in this place.
 E = Time spent auto-exploring this place.
 F = Levels seen in this place.
 G = Mean time per level.
                   A        B        C        D        E       F      G
               +--------+--------+--------+--------+--------+-----+--------+
         Total |   1024 |   1016 |      8 |      0 |    776 |   2 |  512.0 |
       Dungeon |   1024 |   1016 |      8 |      0 |    776 |   2 |  512.0 |
               +--------+--------+--------+--------+--------+-----+--------+

Top non-repeatable levels by time:
     D:1: 871 daAuts
     D:2: 153 daAuts
